[Event "4NCL Div 1 2018-19"]
[Site "Telford"]
[Date "2019.02.10"]
[Round "6.1"]
[White "Alsina Leal, Daniel"]
[Black "McShane, Luke J"]
[Result "1/2-1/2"]
[ECO "C47"]
[WhiteElo "2472"]
[BlackElo "2663"]
[Annotator "RC"]
[PlyCount "105"]
[EventDate "2018.11.10"]
[EventType "team-tourn"]
[EventCountry "GBR"]
[SourceTitle "playchess.com"]
[Source "ChessBase"]
[SourceQuality "1"]
[TimeControl "40/6000+30:3000+30"]

1. e4 e5 2. Nf3 Nc6 3. Nc3 Nf6 4. d4 exd4 5. Nxd4 Bb4 6. Nxc6 bxc6 7. Bd3 d5 8. exd5 O-O 9. O-O cxd5 10. h3 c6 11. Qf3 Rb8 12. Bf4 Bd6 13. b3 Qc7 14. Bxd6 Qxd6 15. Qg3 Qxg3 16. fxg3 Re8 17. Rae1 Kf8 18. Rxe8+ Kxe8 19. Rf4 Be6 20. Ra4 Rb7 21. Ne2 c5 22. c4 d4 23. Ra5 Rc7 24. Kf2 g6 25. g4 Ke7 26. g5 Nd7 27. Nf4 f5 28. Be2 Nb6 29. h4 Bc8 30. Nd3 Kd6 31. b4 Nxc4 32. bxc5+ Ke7 33. Ra4 Be6 34. Nf4 Ne5 35. h5 gxh5 36. Ra6 Bg8 37. Ra5 h4 38. Nd3 Nd7 39. Bf3 Bc4 40. Nb2 Be6 41. Nd3 Bc4 42. Nb2 Ne5 43. Nxc4 Nxc4 44. Ra4 Ne5 45. Rxd4 Kf7 46. Rxh4 Kg6 47. c6 Kxg5 48. Ra4 Nxf3 49. Kxf3 Rxc6 50. Rxa7 Rc3+ 51. Kf2 Rc2+ 52. Kf3 Rc3+ 53. Kf2 1/2-1/2

[Event "4NCL Div 1 2018-19"]
[Site "Telford"]
[Date "2019.02.10"]
[Round "6.6"]
[White "Galyas, Miklos"]
[Black "Bates, Richard A"]
[Result "1-0"]
[ECO "A30"]
[WhiteElo "2495"]
[BlackElo "2378"]
[Annotator "RC"]
[PlyCount "57"]
[EventDate "2018.11.10"]
[EventType "team-tourn"]
[EventCountry "GBR"]
[SourceTitle "playchess.com"]
[Source "ChessBase"]
[SourceQuality "1"]
[TimeControl "40/6000+30:3000+30"]

1. Nf3 Nf6 2. g3 g6 3. b3 Bg7 4. Bb2 O-O 5. Bg2 c5 6. c4 Nc6 7. O-O b6 8. d4 cxd4 9. Nxd4 Bb7 10. Nc3 Qb8 11. Nc2 Ne5 12. f4 Bxg2 13. fxe5 Bxf1 14. exf6 Bxf6 15. Kxf1 Qb7 16. Kg1 b5 17. Ne3 b4 18. Na4 Qe4 19. Nd5 Bxb2 20. Nxb2 f5 21. Nd3 e6 22. Nc5 Qg4 23. Nxd7 exd5 24. Qxd5+ Kg7 25. Nxf8 Rxf8 26. Qe5+ Kg8 27. Qe6+ Rf7 28. Rd1 Qg5 29. Rd7 1-0

[Event "4NCL Div 1 2018-19"]
[Site "Telford"]
[Date "2019.02.10"]
[Round "6.7"]
[White "Wall, Tim P"]
[Black "Hebden, Mark L"]
[Result "1/2-1/2"]
[ECO "A03"]
[WhiteElo "2242"]
[BlackElo "2425"]
[Annotator "NA"]
[PlyCount "63"]
[EventDate "2018.11.10"]
[EventType "team-tourn"]
[EventCountry "GBR"]
[SourceTitle "playchess.com"]
[Source "ChessBase"]
[SourceQuality "1"]
[TimeControl "40/6000+30:3000+30"]

1. f4 d5 2. Nf3 g6 3. g3 Bg7 4. Bg2 Nf6 5. O-O O-O 6. d3 c5 7. c3 Nc6 8. Na3 Rb8 9. Ne5 Nxe5 10. fxe5 Nd7 11. d4 e6 12. Bf4 cxd4 13. cxd4 Qb6 14. Rf3 a6 15. Kh1 Qa7 16. Nc2 b5 17. Qd2 Bb7 18. Bh6 f6 19. exf6 Nxf6 20. Raf1 Ne4 21. Qe3 Rxf3 22. exf3 Bxh6 23. Qxh6 Nd6 24. Bh3 Re8 25. Qf4 Qb6 26. Qf6 Nc4 27. Re1 e5 28. Qxb6 Nxb6 29. dxe5 Nc4 30. b3 Nxe5 31. Nd4 Kf7 32. Bf1 1/2-1/2

[Event "4NCL Div 1 2018-19"]
[Site "Telford"]
[Date "2019.02.10"]
[Round "6.7"]
[White "Ledger, Dave J"]
[Black "Bulmaga, Irina"]
[Result "0-1"]
[ECO "C54"]
[WhiteElo "2237"]
[BlackElo "2386"]
[Annotator "NA"]
[PlyCount "120"]
[EventDate "2018.11.10"]
[EventType "team-tourn"]
[EventCountry "GBR"]
[SourceTitle "playchess.com"]
[Source "ChessBase"]
[SourceQuality "1"]
[TimeControl "40/6000+30:3000+30"]

1. e4 e5 2. Nf3 Nc6 3. Bc4 Bc5 4. c3 Nf6 5. d3 d6 6. O-O a5 7. Bb3 h6 8. Nbd2 O-O 9. Re1 Re8 10. Nf1 Bd7 11. Ng3 Qb8 12. h3 Qa7 13. Be3 Bxe3 14. Rxe3 a4 15. Bc2 d5 16. exd5 Nxd5 17. Re4 a3 18. Ra4 Qb8 19. Rxa3 Rxa3 20. bxa3 Nxc3 21. Qd2 Nb5 22. Ba4 Nd6 23. Ne4 Qa7 24. Bxc6 Bxc6 25. Qb4 Bxe4 26. dxe4 c5 27. Qb2 c4 28. Nxe5 Qc5 29. Ng4 Rxe4 30. Rc1 b5 31. Rc3 Nf5 32. Qd2 Qd4 33. Qxd4 Nxd4 34. Kh2 Ne6 35. Ne3 Nc5 36. Rc2 Na4 37. Nd5 Rd4 38. Nc3 Nxc3 39. Rxc3 Rd3 40. Rc2 Rxa3 41. Rb2 Ra5 42. Kg3 c3 43. Rc2 b4 44. Kf3 Rd5 45. a3 bxa3 46. Rxc3 Ra5 47. Rc1 a2 48. Ra1 Kf8 49. Ke4 Ke7 50. Kd4 Kd6 51. Kc4 Kc6 52. Kb4 Kb6 53. f4 f5 54. g4 g6 55. gxf5 gxf5 56. h4 h5 57. Kc4 Kc6 58. Kd4 Kd6 59. Kc4 Ra4+ 60. Kb5 Rxf4 0-1

[Event "4NCL Div 1 2018-19"]
[Site "Telford"]
[Date "2019.02.10"]
[Round "6.8"]
[White "Milliet, Sophie"]
[Black "Maroroa, Sue"]
[Result "1-0"]
[ECO "C95"]
[WhiteElo "2386"]
[BlackElo "2104"]
[Annotator "NA"]
[PlyCount "121"]
[EventDate "2018.11.10"]
[EventType "team-tourn"]
[EventCountry "GBR"]
[SourceTitle "playchess.com"]
[Source "ChessBase"]
[SourceQuality "1"]
[TimeControl "40/6000+30:3000+30"]

1. e4 e5 2. Nf3 Nc6 3. Bb5 a6 4. Ba4 Nf6 5. O-O Be7 6. Re1 b5 7. Bb3 d6 8. c3 O-O 9. h3 Nb8 10. d4 Nbd7 11. Nbd2 Bb7 12. Bc2 Re8 13. Nf1 Bf8 14. Bg5 h6 15. Bh4 Qc8 16. dxe5 dxe5 17. N3h2 c5 18. Qf3 Qc6 19. Rad1 Qe6 20. Bb1 Be7 21. Ne3 g6 22. Nhg4 Nxg4 23. Qxg4 Qxg4 24. Nxg4 Bxh4 25. Rxd7 Bc8 26. Rd5 Bxg4 27. hxg4 Rac8 28. g3 Bg5 29. Bc2 Kg7 30. Red1 Red8 31. a4 Rxd5 32. exd5 Rd8 33. d6 Kf6 34. axb5 axb5 35. Rd5 Bc1 36. b4 cxb4 37. cxb4 Ba3 38. d7 Bxb4 39. Rxb5 Bd6 40. Rb7 Kg5 41. Bb3 f5 42. gxf5 gxf5 43. Bf7 f4 44. Kg2 fxg3 45. fxg3 Kf5 46. Be8 Be7 47. Rb6 Bf6 48. g4+ Kg5 49. Kf3 Ra8 50. Bh5 Ra3+ 51. Ke4 Ra4+ 52. Kd5 Rd4+ 53. Ke6 Bd8 54. Rb8 Bc7 55. Rc8 Bb6 56. Rc6 Bd8 57. Rc5 Bf6 58. Rc8 e4 59. Rc5+ Kh4 60. Kxf6 Rxd7 61. Re5 1-0

[Event "4NCL Div 1 2018-19"]
[Site "Telford"]
[Date "2019.02.10"]
[Round "6.8"]
[White "Dahl, Baard"]
[Black "Ledger, Stephen C"]
[Result "1/2-1/2"]
[ECO "A59"]
[WhiteElo "2053"]
[BlackElo "2023"]
[Annotator "NA"]
[PlyCount "59"]
[EventDate "2018.11.10"]
[EventType "team-tourn"]
[EventCountry "GBR"]
[SourceTitle "playchess.com"]
[Source "ChessBase"]
[SourceQuality "1"]
[TimeControl "40/6000+30:3000+30"]

1. d4 Nf6 2. c4 c5 3. d5 b5 4. cxb5 a6 5. bxa6 Bxa6 6. Nc3 g6 7. e4 Bxf1 8. Kxf1 d6 9. g3 Bg7 10. Kg2 O-O 11. Nf3 Nbd7 12. a4 Qb6 13. Ra3 Rfb8 14. Nd2 Ne8 15. Nb5 Nc7 16. Nc4 Qb7 17. Nxc7 Qxc7 18. b3 Ne5 19. Nxe5 Bxe5 20. Qe2 Qb7 21. h4 Ra6 22. Qc2 Qb4 23. f3 Qc3 24. Qxc3 Bxc3 25. Rd1 Bb4 26. Ra2 Ba5 27. Rd3 Rab6 28. Ra3 Bb4 29. Ra2 Ba5 30. Ra3 1/2-1/2

[Event "4NCL Div 1 2018-19"]
[Site "Telford"]
[Date "2019.02.10"]
[Round "6.9"]
[White "Turner, Matthew J"]
[Black "Speelman, Jon S"]
[Result "1/2-1/2"]
[ECO "C07"]
[WhiteElo "2536"]
[BlackElo "2508"]
[Annotator "ChessBase"]
[PlyCount "32"]
[EventDate "2018.11.10"]
[EventType "team-tourn"]
[EventCountry "GBR"]
[SourceTitle "playchess.com"]
[Source "ChessBase"]
[SourceQuality "1"]
[TimeControl "40/6000+30:3000+30"]

1. e4 e6 2. d4 d5 3. Nd2 c5 4. exd5 Qxd5 5. dxc5 Qxc5 6. Ngf3 Nf6 7. Bd3 Nbd7 8. O-O Qc7 9. Re1 b6 10. b3 Bb7 11. Bb2 Be7 12. Ne5 O-O 13. Nxd7 Qxd7 14. Ne4 Nxe4 15. Bxe4 Qxd1 16. Raxd1 Bxe4 1/2-1/2

[Event "4NCL Div 1 2018-19"]
[Site "Telford"]
[Date "2019.02.10"]
[Round "6.11"]
[White "Fodor, Tamas Jr."]
[Black "Longson, Alexander"]
[Result "1-0"]
[ECO "D28"]
[WhiteElo "2520"]
[BlackElo "2322"]
[Annotator "ChessBase"]
[PlyCount "57"]
[EventDate "2018.11.10"]
[EventType "team-tourn"]
[EventCountry "GBR"]
[SourceTitle "playchess.com"]
[Source "ChessBase"]
[SourceQuality "1"]
[TimeControl "40/6000+30:3000+30"]

1. d4 d5 2. c4 dxc4 3. Nf3 Nf6 4. e3 e6 5. Bxc4 c5 6. O-O a6 7. Qe2 b5 8. Bd3 Bb7 9. a4 b4 10. Nbd2 Nbd7 11. Nc4 Be7 12. Rd1 O-O 13. e4 cxd4 14. e5 Nd5 15. Nxd4 Nc5 16. Qg4 Kh8 17. Bc2 Rc8 18. Qh3 g6 19. Bh6 Rg8 20. Rac1 Rc7 21. Nf3 b3 22. Bb1 Nxa4 23. Nd6 Bxd6 24. exd6 Qxd6 25. Rxc7 Qxc7 26. Qh4 Nab6 27. Rc1 Qd7 28. Ne5 Qe8 29. Rc7 1-0

[Event "4NCL Div 1 2018-19"]
[Site "Telford"]
[Date "2019.02.10"]
[Round "6.11"]
[White "Franklin, Samuel G A"]
[Black "Haria, Ravi"]
[Result "1/2-1/2"]
[ECO "C18"]
[WhiteElo "2316"]
[BlackElo "2436"]
[Annotator "NA"]
[PlyCount "95"]
[EventDate "2018.11.10"]
[EventType "team-tourn"]
[EventCountry "GBR"]
[SourceTitle "playchess.com"]
[Source "ChessBase"]
[SourceQuality "1"]
[TimeControl "40/6000+30:3000+30"]

1. e4 e6 2. d4 d5 3. Nc3 Bb4 4. e5 c5 5. a3 Ba5 6. b4 cxd4 7. Qg4 Kf8 8. Nb5 Bb6 9. Nf3 Nc6 10. Bb2 Nge7 11. Nbxd4 h5 12. Qf4 Ng6 13. Nxc6 bxc6 14. Qd2 Nh4 15. Ng5 Qe7 16. Qf4 Ng6 17. Qg3 Bd8 18. Nf3 a5 19. Bd3 Ba6 20. O-O Qd7 21. Rfe1 Bxd3 22. cxd3 Ne7 23. Nd4 Bb6 24. Qf4 h4 25. Bc3 a4 26. Rac1 Rh5 27. Qg4 g6 28. Nf3 Nf5 29. d4 Kg7 30. Bd2 Qa7 31. Be3 Rc8 32. h3 Bd8 33. Rc3 Qa6 34. Nd2 Bb6 35. Rec1 Qb5 36. R1c2 Ba7 37. Nf3 Kg8 38. Ne1 Qb6 39. Nf3 Kg7 40. Rc5 Qa6 41. b5 Qb7 42. bxc6 Qb1+ 43. Rc1 Qb2 44. R5c3 Bb6 45. R1c2 Qb1+ 46. Rc1 Qb2 47. R1c2 Qb1+ 48. Rc1 1/2-1/2

[Event "4NCL Div 1 2018-19"]
[Site "Telford"]
[Date "2019.02.10"]
[Round "6.12"]
[White "Harvey, Marcus R"]
[Black "Pigott, John C"]
[Result "1/2-1/2"]
[ECO "A06"]
[WhiteElo "2399"]
[BlackElo "2388"]
[Annotator "NA"]
[PlyCount "107"]
[EventDate "2018.11.10"]
[EventType "team-tourn"]
[EventCountry "GBR"]
[SourceTitle "playchess.com"]
[Source "ChessBase"]
[SourceQuality "1"]
[TimeControl "40/6000+30:3000+30"]

1. Nf3 d5 2. b3 c5 3. e3 a6 4. Bb2 Nc6 5. Be2 d4 6. exd4 cxd4 7. O-O g6 8. Re1 Bg7 9. Bf1 Nh6 10. d3 O-O 11. Nbd2 Qc7 12. a4 Be6 13. Ne4 Bd5 14. a5 Rfd8 15. Ra4 e5 16. Qa1 Rac8 17. Bc1 f5 18. Ng3 Bxf3 19. gxf3 Nf7 20. Bd2 Bh6 21. Bxh6 Nxh6 22. Qc1 Nf7 23. Qd2 Ne7 24. Rc4 Qd6 25. c3 Rxc4 26. dxc4 Nc6 27. b4 dxc3 28. Qxc3 Ng5 29. c5 Qd2 30. Qxd2 Rxd2 31. Kg2 Kg7 32. b5 axb5 33. Bxb5 Nd4 34. Rb1 Nge6 35. Bc4 Nxc5 36. Nf1 Rc2 37. Ne3 Rc3 38. Bd5 Ndb3 39. Nd1 Rd3 40. Bc4 Rd7 41. Bxb3 Nxb3 42. Rxb3 Rxd1 43. Rxb7+ Kf6 44. Rxh7 Ra1 45. Ra7 Kg5 46. Ra8 Ra3 47. a6 Kf4 48. h4 Ra2 49. a7 Ra1 50. Rb8 Rxa7 51. Rb4+ e4 52. fxe4 fxe4 53. Rb6 Rh7 54. Rf6+ 1/2-1/2

[Event "4NCL Div 1 2018-19"]
[Site "Telford"]
[Date "2019.02.10"]
[Round "6.12"]
[White "Ashton, Adam G"]
[Black "Hawkins, Jonathan"]
[Result "0-1"]
[ECO "A01"]
[WhiteElo "2332"]
[BlackElo "2579"]
[Annotator "ChessBase"]
[PlyCount "88"]
[EventDate "2018.11.10"]
[EventType "team-tourn"]
[EventCountry "GBR"]
[SourceTitle "playchess.com"]
[Source "ChessBase"]
[SourceQuality "1"]
[TimeControl "40/6000+30:3000+30"]

1. b3 e5 2. Bb2 Nc6 3. e3 d5 4. Bb5 Bd6 5. f4 Qh4+ 6. g3 Qe7 7. Nf3 f6 8. Nc3 Be6 9. Qe2 Nh6 10. O-O-O a6 11. Bxc6+ bxc6 12. h3 Nf5 13. Qg2 e4 14. Nh4 Nh6 15. g4 Nf7 16. Ne2 Ba3 17. Nd4 O-O 18. Nhf5 Bxf5 19. Nxf5 Qc5 20. h4 Nd6 21. Nxd6 cxd6 22. d4 exd3 23. Rxd3 Rfe8 24. Qd2 Re4 25. Bxa3 Qxa3+ 26. Kb1 Qc5 27. Rc3 Qb6 28. g5 f5 29. h5 Rae8 30. Rh3 a5 31. h6 g6 32. Rd3 a4 33. Qc3 R8e7 34. Rh1 Qc5 35. Qf6 R4e6 36. Qb2 a3 37. b4 axb2 38. bxc5 dxc5 39. Kxb2 Rxe3 40. Kc3 R3e4 41. Rf3 Ra7 42. Rb1 Rxa2 43. Rb8+ Kf7 44. Kb3 Rea4 0-1

[Event "4NCL Div 1 2018-19"]
[Site "Telford"]
[Date "2019.02.10"]
[Round "6.13"]
[White "Eggleston, David J"]
[Black "Abbas, Daniel"]
[Result "1-0"]
[ECO "B82"]
[WhiteElo "2408"]
[BlackElo "2281"]
[Annotator "NA"]
[PlyCount "115"]
[EventDate "2018.11.10"]
[EventType "team-tourn"]
[EventCountry "GBR"]
[SourceTitle "playchess.com"]
[Source "ChessBase"]
[SourceQuality "1"]
[TimeControl "40/6000+30:3000+30"]

1. e4 c5 2. Nf3 e6 3. d4 cxd4 4. Nxd4 a6 5. Nc3 Qc7 6. Bd3 Nf6 7. O-O d6 8. f4 Nbd7 9. Kh1 Be7 10. Qe2 b5 11. Bd2 O-O 12. b4 Bb7 13. a4 bxa4 14. Rxa4 Qb6 15. Nb3 e5 16. Na5 Bc8 17. Nd5 Nxd5 18. exd5 Bf6 19. Qe4 g6 20. fxe5 Bxe5 21. Nc4 Qc7 22. Bh6 f5 23. Qh4 Rf7 24. b5 Bb7 25. bxa6 Bxd5 26. Ne3 Be6 27. Bc4 Bxc4 28. Nxc4 Bf6 29. Qg3 Qc6 30. Qa3 Nc5 31. Rb4 Qxa6 32. Qxa6 Nxa6 33. Ra4 Nc7 34. Rxa8+ Nxa8 35. Rb1 Bg7 36. Bf4 d5 37. Ne5 Rf8 38. Nd7 Rc8 39. h3 h6 40. Rb7 g5 41. Be5 Rd8 42. Nf6+ Kh8 43. c3 Rc8 44. Rd7 Rf8 45. Nh7 Rg8 46. Nf8 Nb6 47. Rxg7 Rxg7 48. Ne6 f4 49. Bxg7+ Kh7 50. Bd4 Nd7 51. Nc7 Kg6 52. Nxd5 Kf5 53. Kg1 h5 54. Kf2 g4 55. h4 Nf8 56. g3 fxg3+ 57. Kxg3 Ng6 58. Bg7 1-0

[Event "4NCL Div 1 2018-19"]
[Site "Telford"]
[Date "2019.02.10"]
[Round "6.13"]
[White "D'Costa, Lorin A R"]
[Black "Fernandez, Daniel Howard"]
[Result "1/2-1/2"]
[ECO "A41"]
[WhiteElo "2402"]
[BlackElo "2471"]
[Annotator "RC"]
[PlyCount "67"]
[EventDate "2018.11.10"]
[EventType "team-tourn"]
[EventCountry "GBR"]
[SourceTitle "playchess.com"]
[Source "ChessBase"]
[SourceQuality "1"]
[TimeControl "40/6000+30:3000+30"]

1. Nf3 d6 2. d4 g6 3. g3 Bg7 4. Bg2 e5 5. Nc3 h6 6. dxe5 dxe5 7. Qxd8+ Kxd8 8. Be3 Ne7 9. O-O-O+ Nd7 10. h4 f5 11. a4 c6 12. Nd2 Kc7 13. a5 Rf8 14. Nc4 f4 15. gxf4 exf4 16. Bd4 Bf6 17. e3 Bxd4 18. exd4 Nf6 19. Rhe1 Ned5 20. Nxd5+ Nxd5 21. Rd3 Bf5 22. Rb3 Rad8 23. Ne5 Rfe8 24. Rd1 a6 25. Bf3 Nf6 26. Rc3 Be4 27. Bxe4 Nxe4 28. Rf3 g5 29. c3 Nd6 30. b4 Re7 31. hxg5 hxg5 32. Rg1 Ne4 33. Kc2 Rd6 34. Re1 1/2-1/2

[Event "4NCL Div 1 2018-19"]
[Site "Telford"]
[Date "2019.02.10"]
[Round "6.14"]
[White "Taylor, Adam C"]
[Black "Taylor, Martin R"]
[Result "1-0"]
[ECO "A11"]
[WhiteElo "2372"]
[BlackElo "2337"]
[Annotator "NA"]
[PlyCount "81"]
[EventDate "2018.11.10"]
[EventType "team-tourn"]
[EventCountry "GBR"]
[SourceTitle "playchess.com"]
[Source "ChessBase"]
[SourceQuality "1"]
[TimeControl "40/6000+30:3000+30"]

1. Nf3 d5 2. g3 Nf6 3. Bg2 Bf5 4. O-O e6 5. c4 c6 6. Nc3 Be7 7. Qb3 Qb6 8. d3 Nbd7 9. Be3 Qxb3 10. axb3 a6 11. Nh4 Bg6 12. h3 O-O 13. f4 Ne8 14. Nxg6 hxg6 15. Bf2 Nc7 16. Na4 Rad8 17. Be1 Rfe8 18. Kh2 dxc4 19. bxc4 e5 20. Ba5 Rc8 21. fxe5 Ne6 22. Nb6 Nxb6 23. Bxb6 Bc5 24. Bxc5 Nxc5 25. d4 Nb3 26. Rad1 c5 27. e3 Re7 28. Bd5 Na5 29. Rf4 cxd4 30. exd4 Nxc4 31. Rxf7 Rxf7 32. Rf1 Rcc7 33. Rxf7 Rxf7 34. Bxc4 b5 35. Bxf7+ Kxf7 36. Kg2 a5 37. Kf2 a4 38. Ke2 b4 39. Kd3 a3 40. bxa3 bxa3 41. Ke4 1-0

[Event "4NCL Div 1 2018-19"]
[Site "Telford"]
[Date "2019.02.10"]
[Round "6.15"]
[White "Jackson, James P"]
[Black "Houska, Jovanka"]
[Result "1/2-1/2"]
[ECO "B12"]
[WhiteElo "2383"]
[BlackElo "2424"]
[Annotator "NA"]
[PlyCount "63"]
[EventDate "2018.11.10"]
[EventType "team-tourn"]
[EventCountry "GBR"]
[SourceTitle "playchess.com"]
[Source "ChessBase"]
[SourceQuality "1"]
[TimeControl "40/6000+30:3000+30"]

1. e4 c6 2. d4 d5 3. e5 Bf5 4. h4 h5 5. Bd3 Bxd3 6. Qxd3 Qa5+ 7. Nd2 e6 8. Ngf3 Qa6 9. c4 Nh6 10. O-O Nf5 11. b3 Be7 12. g3 Nd7 13. a4 c5 14. Ba3 g6 15. Qb1 cxd4 16. cxd5 Bxa3 17. dxe6 Qxe6 18. Rxa3 O-O 19. Re1 Rfe8 20. b4 Qd5 21. Qe4 Qxe4 22. Nxe4 Rac8 23. a5 Kg7 24. Neg5 Nf8 25. Rb3 Rc2 26. Rd1 Rd8 27. Kf1 Rd5 28. Re1 Rb5 29. Re2 Rc1+ 30. Re1 Rc2 31. Re2 Rc1+ 32. Re1 1/2-1/2

[Event "4NCL Div 1 2018-19"]
[Site "Telford"]
[Date "2019.02.10"]
[Round "6.16"]
[White "McDonald, Neil"]
[Black "Bhatia, Kanwal K"]
[Result "1-0"]
[ECO "C77"]
[WhiteElo "2408"]
[BlackElo "2053"]
[Annotator "NA"]
[PlyCount "75"]
[EventDate "2018.11.10"]
[EventType "team-tourn"]
[EventCountry "GBR"]
[SourceTitle "playchess.com"]
[Source "ChessBase"]
[SourceQuality "1"]
[TimeControl "40/6000+30:3000+30"]

1. e4 e5 2. Nf3 Nc6 3. Bb5 a6 4. Ba4 Nf6 5. Qe2 b5 6. Bb3 Be7 7. c3 O-O 8. d3 d6 9. Nbd2 Na5 10. Bc2 c5 11. Nf1 Nc6 12. Ng3 Re8 13. O-O Bf8 14. a4 Rb8 15. axb5 axb5 16. h3 d5 17. Bg5 Be7 18. d4 cxd4 19. cxd4 dxe4 20. Nxe4 Nxd4 21. Nxd4 Qxd4 22. Bxf6 Bxf6 23. Qh5 Qb6 24. Nxf6+ Qxf6 25. Qxh7+ Kf8 26. Ra7 Bb7 27. Be4 Qb6 28. Rfa1 g6 29. Qh8+ Ke7 30. Qxe5+ Kf8 31. Qh8+ Ke7 32. Qh4+ g5 33. Qxg5+ Kf8 34. Rxb7 Rxb7 35. Bxb7 Qxb7 36. Qh6+ Ke7 37. Qh4+ Kd7 38. Qd4+ 1-0

[Event "4NCL Div 1 2018-19"]
[Site "Telford"]
[Date "2019.02.10"]
[Round "6.16"]
[White "Reeve, Andy K"]
[Black "Steil-Antoni, Fiona"]
[Result "1/2-1/2"]
[ECO "A27"]
[WhiteElo "2085"]
[BlackElo "2166"]
[Annotator "NA"]
[PlyCount "38"]
[EventDate "2018.11.10"]
[EventType "team-tourn"]
[EventCountry "GBR"]
[SourceTitle "playchess.com"]
[Source "ChessBase"]
[SourceQuality "1"]
[TimeControl "40/6000+30:3000+30"]

1. c4 e5 2. Nc3 Nc6 3. Nf3 f5 4. d4 e4 5. Ng1 Nf6 6. h4 d5 7. e3 Be6 8. b3 Bb4 9. Bd2 Ne7 10. Na4 Bxd2+ 11. Qxd2 c6 12. Nh3 O-O 13. Be2 b6 14. Nf4 Bf7 15. Rc1 Ng6 16. Nxg6 Bxg6 17. g3 Qd6 18. Kf1 Bh5 19. Kg2 Rad8 1/2-1/2

[Event "4NCL Div 1 2018-19"]
[Site "Telford"]
[Date "2019.02.10"]
[Round "6.17"]
[White "Fitzsimons, David"]
[Black "Ris, Robert"]
[Result "1/2-1/2"]
[ECO "B13"]
[WhiteElo "2301"]
[BlackElo "2450"]
[Annotator "ChessBase"]
[PlyCount "144"]
[EventDate "2018.11.10"]
[EventType "team-tourn"]
[EventCountry "GBR"]
[SourceTitle "playchess.com"]
[Source "ChessBase"]
[SourceQuality "1"]
[TimeControl "40/6000+30:3000+30"]

1. e4 c6 2. d4 d5 3. exd5 cxd5 4. Bd3 Nc6 5. c3 g6 6. Nf3 Bg7 7. h3 Nh6 8. Bf4 Bf5 9. Be2 f6 10. c4 Bxb1 11. Rxb1 e6 12. O-O O-O 13. Rc1 Qd7 14. cxd5 exd5 15. Qa4 Nf5 16. Rc5 Rf7 17. Bb5 Nfe7 18. Rfc1 a6 19. Bf1 Nf5 20. Bb5 Nfe7 21. R5c3 Rd8 22. Bf1 Bf8 23. a3 g5 24. Bh2 h5 25. Qd1 Rg7 26. Ne1 g4 27. Nd3 Ng6 28. Nc5 Bxc5 29. Rxc5 Qf5 30. R1c3 Kh8 31. Qd2 Re8 32. Bd3 Qe6 33. Bf1 Qe1 34. Qxe1 Rxe1 35. Rxd5 Rge7 36. Re3 R7xe3 37. fxe3 Rxe3 38. Rxh5+ Kg7 39. hxg4 Nxd4 40. Rd5 Nc6 41. g5 Nge5 42. Bf4 Rb3 43. Rd2 fxg5 44. Bxg5 Kg6 45. Bh4 Kf5 46. Be2 Re3 47. Bf2 Re4 48. b3 Ke6 49. g3 Na5 50. Bd1 Ng4 51. Re2 Rxe2 52. Bxe2 Nxf2 53. Kxf2 Ke5 54. b4 Nb3 55. Ke3 Nd4 56. Bd3 Nc6 57. Be4 Nd8 58. a4 b6 59. a5 bxa5 60. bxa5 Ne6 61. Bf3 Nc5 62. Kd2 Kd4 63. g4 Nb3+ 64. Kc2 Nxa5 65. g5 Ke5 66. Bg4 Nc6 67. Kc3 Kf4 68. g6 Kxg4 69. g7 Ne7 70. Kb4 Kg5 71. Ka5 Kg6 72. Kxa6 Kxg7 1/2-1/2

[Event "4NCL Div 1 2018-19"]
[Site "Telford"]
[Date "2019.02.10"]
[Round "6.17"]
[White "Rees, Ioan"]
[Black "Gheorghiu, Calin"]
[Result "0-1"]
[ECO "A09"]
[WhiteElo "2292"]
[BlackElo "2300"]
[Annotator "NA"]
[PlyCount "54"]
[EventDate "2018.11.10"]
[EventType "team-tourn"]
[EventCountry "GBR"]
[SourceTitle "playchess.com"]
[Source "ChessBase"]
[SourceQuality "1"]
[TimeControl "40/6000+30:3000+30"]

1. Nf3 d5 2. c4 d4 3. b4 f6 4. e3 e5 5. c5 a5 6. Bc4 axb4 7. O-O Bxc5 8. Qc2 Qd6 9. Bb2 Nc6 10. a3 Nge7 11. axb4 Nxb4 12. Qb3 Rxa1 13. Bxa1 c6 14. exd4 exd4 15. Nxd4 b5 16. Bf7+ Kf8 17. Ne6+ Bxe6 18. Bxe6 Nd3 19. Bg4 Ng6 20. Qa2 Qe7 21. Bf5 Ngf4 22. g3 g6 23. Bg4 Qe4 24. gxf4 Nxf4 25. Qa8+ Kg7 26. Bxf6+ Kh6 27. Qxh8 Qg2# 0-1

[Event "4NCL Div 1 2018-19"]
[Site "Telford"]
[Date "2019.02.10"]
[Round "6.18"]
[White "Zhou, Yang-Fan"]
[Black "Derakhshani, Borna"]
[Result "1-0"]
[ECO "B15"]
[WhiteElo "2436"]
[BlackElo "2324"]
[Annotator "NA"]
[PlyCount "127"]
[EventDate "2018.11.10"]
[EventType "team-tourn"]
[EventCountry "GBR"]
[SourceTitle "playchess.com"]
[Source "ChessBase"]
[SourceQuality "1"]
[TimeControl "40/6000+30:3000+30"]

1. e4 c6 2. Nc3 d5 3. Nf3 g6 4. d4 Bg7 5. h3 dxe4 6. Nxe4 Nf6 7. Bd3 O-O 8. O-O Nxe4 9. Bxe4 Nd7 10. Re1 Qb6 11. c3 Re8 12. Bc2 c5 13. Bb3 cxd4 14. cxd4 Nf6 15. Ne5 Be6 16. Bxe6 fxe6 17. Nf3 Rad8 18. Qe2 Rd6 19. Bf4 Rc6 20. Ne5 Rcc8 21. Rad1 Nd5 22. Bg3 Red8 23. Nf3 Bf6 24. Rd2 Rc6 25. Ne5 Rcc8 26. h4 Bxe5 27. Bxe5 Nf6 28. Bxf6 exf6 29. Qxe6+ Qxe6 30. Rxe6 Kf7 31. Re3 Rd5 32. Rc3 Rcd8 33. Rc7+ R8d7 34. Rxd7+ Rxd7 35. Kf1 Ke6 36. Ke2 Kd5 37. Kd3 Rc7 38. Re2 b6 39. g3 Rc4 40. Re4 a5 41. b3 Rc1 42. Re7 Rd1+ 43. Ke2 Ra1 44. a4 Ra2+ 45. Ke3 Rb2 46. Rd7+ Ke6 47. Rxh7 Rxb3+ 48. Ke4 Rb4 49. Rb7 f5+ 50. Ke3 Kd5 51. f3 Kc4 52. g4 Rb3+ 53. Kf4 b5 54. axb5 Rxb5 55. Rxb5 Kxb5 56. gxf5 gxf5 57. h5 a4 58. h6 a3 59. h7 a2 60. h8=Q a1=Q 61. Qe5+ Kc4 62. Qc5+ Kd3 63. Qxf5+ Kc4 64. Qe6+ 1-0

[Event "4NCL Div 1 2018-19"]
[Site "Telford"]
[Date "2019.02.10"]
[Round "6.18"]
[White "Claridge-Hansen, William"]
[Black "Cooper, John G"]
[Result "1-0"]
[ECO "D30"]
[WhiteElo "2284"]
[BlackElo "2290"]
[Annotator "NA"]
[PlyCount "73"]
[EventDate "2018.11.10"]
[EventType "team-tourn"]
[EventCountry "GBR"]
[SourceTitle "playchess.com"]
[Source "ChessBase"]
[SourceQuality "1"]
[TimeControl "40/6000+30:3000+30"]

1. c4 c5 2. g3 e6 3. Bg2 d5 4. Nf3 Nc6 5. O-O Be7 6. cxd5 exd5 7. d4 Nf6 8. b3 O-O 9. Bb2 Re8 10. Nc3 Bg4 11. Na4 cxd4 12. Nxd4 Qd7 13. Nxc6 bxc6 14. Qd2 Rac8 15. Rac1 Ne4 16. Bxe4 dxe4 17. Qxd7 Bxd7 18. Rc4 Bg5 19. e3 Bg4 20. Rfc1 Bf3 21. Rxc6 Rcd8 22. Bd4 h5 23. Nb2 Bf6 24. R6c4 Bxd4 25. Rxd4 Rxd4 26. exd4 Rd8 27. Rc4 h4 28. Kf1 Rd6 29. Ke1 h3 30. Kd2 Bg2 31. Ke3 Rf6 32. d5 Rf3+ 33. Ke2 Kf8 34. d6 Ke8 35. Rxe4+ Kd7 36. Rd4 Rf6 37. Nd3 1-0

[Event "4NCL Div 1 2018-19"]
[Site "Telford"]
[Date "2019.02.10"]
[Round "6.19"]
[White "De Verdier, Michael"]
[Black "Suarez Real, Alberto"]
[Result "1/2-1/2"]
[ECO "E70"]
[WhiteElo "2311"]
[BlackElo "2438"]
[Annotator "NA RC"]
[PlyCount "51"]
[EventDate "2018.11.10"]
[EventType "team-tourn"]
[EventCountry "GBR"]
[SourceTitle "playchess.com"]
[Source "ChessBase"]
[SourceQuality "1"]
[TimeControl "40/6000+30:3000+30"]

1. d4 Nf6 2. c4 g6 3. Nc3 Bg7 4. e4 O-O 5. Bd3 d6 6. Nge2 Nc6 7. O-O e5 8. d5 Nd4 9. Nxd4 exd4 10. Nb5 Re8 11. Re1 a6 12. Nxd4 Nxd5 13. cxd5 Bxd4 14. Qc2 Bd7 15. Be3 Bxe3 16. Rxe3 c6 17. Qb3 Rb8 18. dxc6 Bxc6 19. Bc4 Qd7 20. f3 b5 21. Bd5 Bxd5 22. Qxd5 Qa7 23. Rae1 Rbc8 24. Qd2 Rc6 25. Qf2 Qc7 26. R3e2 1/2-1/2